 Dungeon Crawl Stone Soup version 0.31-a0-858-g469dc525a8 (webtiles) character file.

Game seed: 13591819142263183411

79 Revguard the Sneak (level 4, -4/32 HPs)
             Began as a Vampire Enchanter on Oct 9, 2023.
             Killed by nerve-wracking pain
             ... invoked by Jessica
              (12 damage)
             ... on level 2 of the Dungeon.
             The game lasted 00:06:15 (1635 turns).

Revguard the Sneak (Vampire Enchanter)              Turns: 1635, Time: 00:06:16

Health: -4/32      AC:  4    Str:  7    XL:     4   Next: 16%
Magic:  0/7        EV: 12    Int: 17    God:
Gold:   161        SH:  0    Dex: 16    Spells: 1/7 levels left

rFire   . . .        a - +1 dagger
rCold   . . .        (no shield)
rNeg    . . .        e - +0 leather armour
rPois   .            (no helmet)
rElec   .            (no cloak)
rCorr   .            (no gloves)
SInv    +            g - +0 pair of boots
Will    .....        f - amulet of the acrobat
Stlth   +++          (no ring)
HPRegen 0.45/turn    (no ring)
MPRegen 0.10/turn

%: acrobat
@: healing quickly, invisible
A: alive, fangs 3, see invisible, vampiric 2
a: Exsanguinate


You were on level 2 of the Dungeon.
You visited 1 branch of the dungeon, and saw 2 of its levels.

You collected 161 gold pieces.

Inventory:

Hand Weapons
 a - a +1 dagger (weapon)
 d - a +0 short sword
Armour
 b - a +0 robe
 e - a +0 leather armour (worn)
 g - a +0 pair of boots (worn)
Jewellery
 f - an amulet of the acrobat (around neck)
Scrolls
 h - a scroll of teleportation {unknown}
 j - 2 scrolls of identify {unknown}
Potions
 c - a potion of invisibility
 i - a potion of berserk rage {unknown}
 k - a potion of curing {unknown}


   Skills:
 + Level 1.0 Fighting
 + Level 1.8 Short Blades
 + Level 0.6 Armour
 + Level 2.6 Dodging
 + Level 5.0 Stealth
 + Level 2.2 Spellcasting
 + Level 4.9 Hexes
 + Level 1.2 Necromancy


You had one spell level left.
You knew the following spells:

 Your Spells              Type           Power      Damage    Failure   Level
a - Ensorcelled Hibernat  Hex/Ice        20%        N/A       16%         2
b - Kiss of Death         Conj/Necr      16%        2d6       22%         1
c - Confusing Touch       Hex            18%        N/A       11%         3

Your spell library contained the following spells:

 Spells                   Type           Power      Damage    Failure   Level
 Necrotise                Necr           24%        1d5       16%         1
 Jinxbite                 Hex            36%        N/A       5%          2
 Tukima's Dance           Hex            18%        N/A       11%         3
 Dazzling Flash           Conj/Hex       20%        N/A       30%         3
 Vampiric Draining        Necr           6%         2d6       43%         3
 Anguish                  Hex/Necr       6%         N/A       58%         4
 Dispel Undead            Necr           6%         3d8       85%         4
 Agony                    Necr           6%         N/A       99%         5


Dungeon Overview and Level Annotations

Branches:
Dungeon (2/15)

Altars:

Annotations:
D:2 Jessica


Innate Abilities, Weirdness & Mutations

Your natural rate of healing is accelerated.
You have razor-sharp teeth.
You have supernaturally acute eyesight. (SInv)
You are afflicted with vampirism and can become a bat while bloodless.


Message History

Aim: Jessica, wielding a +0 dagger and wearing a +0 robe (fast, chance to affect: 52%) Jessica looks drowsy...
The quokka barely misses you. The quokka attacks as it pursues you!
The quokka bites you.
Jessica shouts!
You hit Jessica but do no damage.
Jessica points at you and mumbles some strange words.
You barely resist.
The quokka bites you but does no damage.
Jessica hits you but does no damage. The quokka closely misses you.
Aiming: Ensorcelled Hibernation (safe; 16% risk of failure)
Press: ? - help, Q - select action, (/) - cycle Shift-Dir - straight line, f - quokka, p - Jessica
Aim: a quokka (chance to affect: 62%)
The quokka looks drowsy...
Jessica hits you with a +0 dagger.
The helpless quokka fails to defend itself.
You impale the quokka!!
You kill the quokka!
Jessica hits you with a +0 dagger. x2
You hit the giant cockroach but do no damage.
Your bite misses the giant cockroach. Jessica casts a spell at you.
Pain shoots through your body!
* * * LOW HITPOINT WARNING * * *
The giant cockroach bites you.
* * * LOW HITPOINT WARNING * * *
Okay, then.
You fade into invisibility!
Jessica completely misses you. The giant cockroach misses you.
Jessica completely misses you.
You hit Jessica but do no damage. The giant cockroach closely misses you.
Jessica closely misses you.
You hit Jessica.
Jessica is lightly wounded.
Jessica hits you but does no damage. The giant cockroach barely misses you.
You completely miss the giant cockroach.
Jessica misses you. The giant cockroach misses you.
Jessica gestures at you while chanting. Pain shoots through your body!
You die...

........<..).....###
########.......##...####
#....................)
.............#....#.#
.....###.......#.......
.... #.......##..... >.
#........#..# ### .
..........@..# :..##
.###...####@.#.....# #
#.#$. #B.†.....# #.#..#
#..#.....# #.#. #..#
?..## .... ### B.....
#.#.#.. ........ #.#.#
#.#


You could see Jessica (fast, unable to see you) and a giant cockroach (unable to
see you).

Vanquished Creatures
  An adder (D:2)
  A worm (D:2)
  3 dart slugs (D:1)
  6 endoplasms
  3 giant cockroaches (D:1)
  4 goblins
  3 hobgoblins
  4 jackals (D:2)
  3 quokkas
  7 ball pythons
  4 bats
  3 frilled lizards
  8 kobolds
  4 rats
54 creatures vanquished.

Notes
Turn   | Place    | Note
-------+----------+-------------------------------------------
     0 | D:1      | Revguard the Vampire Enchanter began the quest for the Orb.
     0 | D:1      | Reached XP level 1. HP: 13/13 MP: 3/3
   198 | D:1      | Reached XP level 2. HP: 19/19 MP: 5/5
   221 | D:1      | Learned a level 2 spell: Ensorcelled Hibernation
   462 | D:1      | Learned a level 1 spell: Kiss of Death
   476 | D:1      | Gained mutation: You are afflicted with vampirism and can
                  | become a bat while bloodless. [Vampire growth]
   476 | D:1      | Reached XP level 3. HP: 21/21 MP: 0/6
  1131 | D:1      | Learned a level 3 spell: Confusing Touch
  1331 | D:2      | Reached skill level 1 in Necromancy
  1335 | D:2      | Reached skill level 5 in Stealth
  1414 | D:2      | Reached skill level 1 in Fighting
  1532 | D:2      | Reached XP level 4. HP: 32/32 MP: 7/7
  1613 | D:2      | Noticed Jessica
  1635 | D:2      | Killed from afar by Jessica

Illustrated notes

Levels and vault maps discovered:
D:1:      grunt_arrival_lava_bath, layout_basic
D:2:      layout_rooms, minmay_stone_trees_small, minivault_23,
          kennysheep_jessica_study

Skill      XL: |  1  2  3 |
---------------+----------+-----
Necromancy     | 1 |  1.2
Stealth        | 5 |  5.0
Fighting       | 1 |  1.0
Short Blades   | |  1.8
Armour         | |  0.6
Dodging        | |  2.6
Spellcasting   | |  2.2
Hexes          | |  4.9

Action                     |  1- 3 |  4- 6 || total
---------------------------+-------+-------++-------
  Melee: Dagger            |    59 |    16 ||    75
         Bite              |     9 |     4 ||    13
         Short sword       |    38 |    22 ||    60
   Cast: Ensorcelled Hiber |    16 |     5 ||    21
         Kiss of Death     |     1 |       ||     1
         Confusing Touch   |     1 |       ||     1
    Use: Potion            |       |     1 ||     1
   Stab: Sleeping          |    25 |     3 ||    28
 Armour: Robe              |     9 |       ||     9
         Leather armour    |    28 |    29 ||    57
  Dodge: Dodged            |    87 |    31 ||   118

Table legend: (Time is in decaauts)
 A = Elapsed time spent in this place.
 B = Non-inter-level travel time spent in this place.
 C = Inter-level travel time spent in this place.
 D = Time resting spent in this place.
 E = Time spent auto-exploring this place.
 F = Levels seen in this place.
 G = Mean time per level.
                   A        B        C        D        E       F      G
               +--------+--------+--------+--------+--------+-----+--------+
         Total |   1622 |   1563 |     59 |     80 |   1048 |   2 |  811.0 |
       Dungeon |   1622 |   1563 |     59 |     80 |   1048 |   2 |  811.0 |
               +--------+--------+--------+--------+--------+-----+--------+

Top non-repeatable levels by time:
     D:1: 1316 daAuts
     D:2: 305 daAuts
